Map: Zen LE

Players

eSka - Winner!

  • Race: Protoss Protoss
  • Spawn Location: 1:00

ViSnouf

  • Race: Zerg Zerg
  • League: Gold
  • Spawn Location: 7:00

VOD

Have the link to the VOD?

Description

Time

  • Played on: Dec. 7, 2019, 5:54 p.m.
  • Length: 7:35
Show
View Real Time Build Order
Export as new Build Order

eSka Protoss - Winner!

Build Orders: 1 Gate Expand 

Get SALT Encoding   

  12  0:00  Probe  
  13  0:12  Probe  
  14  0:19  Pylon  
  14  0:24  Probe (Chrono Boost)  
  15  0:36  Probe (Chrono Boost)  
  15  0:39  Gateway  
  16  0:49  Assimilator  
  16  0:51  Probe  
  17  1:03  Probe (Chrono Boost)  
  18  1:12  Probe (Chrono Boost)  
  18  1:17  Probe (Chrono Boost)  
  20  1:27  Pylon  
  20  1:32  Cybernetics Core  
  20  1:44  Nexus  
  20  1:58  Zealot  
  22  2:03  Assimilator  
  22  2:04  Probe  
  23  2:10  Warp Gate  
  23  2:16  Probe (Chrono Boost)  
  24  2:26  Probe (Chrono Boost)  
  25  2:30  Stalker  
  25  2:31  Probe (Chrono Boost)  
  28  2:46  Probe  
  29  2:58  Probe  
  30  3:00  Robotics Facility  
  30  3:05  Twilight Council  
  30  3:08  Forge  
  30  3:11  Probe (Chrono Boost)  
  33  3:13  Sentry  
  33  3:15  Probe (Chrono Boost)  
  34  3:23  Probe (Chrono Boost)  
  34  3:25  Probe (Chrono Boost)  
  36  3:28  Probe (Chrono Boost)  
  36  3:30  Probe (Chrono Boost)  
  38  3:37  Probe  
  39  3:41  Probe  
  40  3:48  Protoss Ground Weapons Level 1 (Chrono Boost)  
  40  3:49  Pylon  
  40  3:50  Charge (Chrono Boost)  
  40  3:58  Assimilator  
  40  4:07  Immortal  
  44  4:15  Probe (Chrono Boost)  
  46  4:18  Assimilator  
  46  4:19  Probe (Chrono Boost)  
  46  4:25  Sentry  
  46  4:27  Probe (Chrono Boost)  
  46  4:31  Probe (Chrono Boost)  
  50  4:32  Probe (Chrono Boost)  
  51  4:39  Probe  
  52  4:46  Warp Prism  
  54  5:02  Pylon  
  54  5:04  Pylon  
  54  5:05  Pylon  
  54  5:20  Probe x2  
  56  5:24  Gateway  
  56  5:25  Gateway  
  56  5:27  Gateway  
  56  5:29  Gateway x2  
  56  5:32  Probe x2  
  58  6:03  Pylon  
  58  6:10  Zealot  
  60  6:22  Zealot  
  60  6:23  Zealot x2  
  64  6:41  Zealot x3  
  68  6:56  Zealot x3  
  72  7:08  Zealot x3  
  78  7:30  Zealot x4  
Show
View Real Time Build Order
Export as new Build Order

ViSnouf Zerg 

Build Orders: Hatch First 

Get SALT Encoding   

  12  0:02  Drone  
  13  0:13  Overlord  
  13  0:17  Drone  
  14  0:32  Drone  
  15  0:47  Hatchery  
  14  0:51  Drone  
  15  0:58  Drone  
  15  0:59  Drone  
  17  1:09  Drone  
  18  1:12  Extractor  
  17  1:19  Drone  
  18  1:30  Overlord  
  18  1:42  Spawning Pool  
  17  1:50  Drone x2  
  19  2:17  Drone  
  19  2:18  Drone x4  
  24  2:32  Queen x2  
  24  2:34  Zergling x2  
  24  2:36  Drone x2  
  31  2:48  Drone  
  32  3:15  Hatchery  
  32  3:17  Overlord  
  32  3:18  Overlord  
  31  3:23  Queen x2  
  34  3:32  Zergling x2  
  35  3:35  Drone x3  
  35  3:36  Drone x2  
  35  3:41  Metabolic Boost  
  40  3:59  Drone x5  
  45  4:11  Drone x3  
  45  4:12  Drone x2  
  45  4:16  Overlord  
  50  4:31  Queen  
  50  4:33  Drone x6  
  50  4:35  Overlord  
  58  4:43  Roach Warren  
  57  4:45  Evolution Chamber  
  57  4:46  Evolution Chamber  
  57  4:47  Extractor  
  57  4:48  Drone  
  57  4:49  Drone x2  
  57  4:50  Drone  
  58  4:53  Lair  
  58  4:55  Drone  
  59  5:00  Extractor  
  59  5:02  Extractor  
  57  5:12  Drone x3  
  57  5:13  Drone x3  
  63  5:18  Drone x3  
  63  5:20  Spore Crawler  
  64  5:22  Spore Crawler  
  64  5:23  Drone x2  
  64  5:26  Zerg Ground Armor Level 1, Zerg Missile Weapons Level 1  
  65  5:30  Spore Crawler  
  64  5:47  Zergling x10  
  64  5:48  Zergling x4  
  71  5:53  Extractor  
  71  5:54  Drone x3  
  71  5:55  Extractor, Drone x2  
  74  5:58  Overlord x2  
  74  6:01  Pneumatized Carapace  
  74  6:02  Glial Reconstitution  
  68  6:21  Roach x3  
  68  6:22  Zergling x8  
  77  6:32  Spine Crawler  
  76  6:33  Spine Crawler  
  76  6:34  Spine Crawler  
  76  6:39  Roach  
  75  6:40  Roach x6  
  67  7:02  Roach x4  
Tags
 
League
Gold
Matchup
PvZ
Spawn Locations
Cross Positions
Add a new tag
Caveats
  • Supply blocks, unpowered buildings, or Contaminate may cause inaccurate times.
  • Supply counts are checked every 10 seconds.